AoeStats
← Enrique78

Migration

509342334Analyzed
1v1 RM · 6d ago on Sep 26, 2026· 51m 39s· 2 players
Game mode
Random Map
Map size
132×132
Population
200
Speed
Normal
Resources
Standard
Victory
Conquest
Starting age
Dark Age
Ending age
Imperial Age
RankedLock teamsTeams togetherTeam positionsShared explorationLock speedFull tech treeHidden civsTurbo modeCheats
Victory
Defeat
🇩🇪 Vikings · Germany
814
+17
🇫🇷 Franks · France
826
-17
Enrique78
12:00 Feudal Age
12:46 Double-Bit Axe
15:36 Castle Age
14:48 Fletching
17:00 Bodkin Arrow
23:27 Bow Saw
23:44 Ballistics
26:58 Scale Barding Armor
27:04 Forging
26:44 Loom
26:54 Gold Mining
28:33 Chain Barding Armor
28:58 Horse Collar
35:07 Imperial Age
33:58 Iron Casting
34:03 Murder Holes
35:22 Cavalier
37:09 Blast Furnace
36:10 Bracer
37:14 Chemistry
37:06 Siege Engineers
45:06 Conscription
45:49 Light Cavalry
46:29 Town Watch
47:05 Elite Longship
51:54 Bogsveigar
Samyboss1982
0:26 Loom
10:56 Feudal Age
11:56 Double-Bit Axe
20:06 Castle Age
19:01 Fletching
21:33 Loom
32:02 Imperial Age
33:51 Chemistry
34:09 Ballistics
36:38 Wheelbarrow
36:54 Town Watch
37:57 Bow Saw
42:37 Hand Cart
42:22 Town Patrol
42:47 Pikeman
45:36 Bodkin Arrow
45:51 Forging
46:23 Medium Warships
46:53 Loom
47:33 Padded Archer Armor
49:02 Heavy Warships
Connection lost

Rejoining the realm…

Still unreachable

The connection could not be restored.

Session expired

The server has moved on; the page needs a fresh start.